 Dungeon Crawl Stone Soup version 0.29.1-12-g30fa7ad0bf (webtiles) character file.

Game seed: 4226104170845744733

49 wormed the Cudgeller (level 3, 0/49 HPs)
             Began as a Minotaur Berserker on Dec 24, 2022.
             Was a Believer of Trog.
             Slain by Robin
             ... wielding a +1 mace of protection
              (5 damage)
             ... on level 2 of the Dungeon.
             The game lasted 00:01:47 (1094 turns).

wormed the Cudgeller (Minotaur Berserker)           Turns: 1094, Time: 00:01:47

Health: 0/49       AC:  2    Str: 23    XL:     3   Next: 53%
Magic:  2/2        EV: 16    Int:  4    God:    Trog [**....]
Gold:   48         SH:  0    Dex:  9    Spells: 2/2 levels left

rFire   . . .      SeeInvis .   a - +0 mace
rCold   . . .      Faith    .   (no shield)
rNeg    . . .      Spirit   .   b - +0 animal skin
rPois   .          Reflect  .   (helmet restricted)
rElec   .          Harm     .   (no cloak)
rCorr   .          Rampage  .   (no gloves)
Will    .....                   (no boots)
Stlth   ..........              (no amulet)
HPRegen 0.16/turn               f - +4 ring of evasion
MPRegen 0.08/turn               (no ring)

@: berserking, very quick
A: horns 2, retaliatory headbutt
a: Renounce Religion, Berserk, Trog's Hand


You were on level 2 of the Dungeon.
You worshipped Trog.
Trog was pleased with you.
You visited 1 branch of the dungeon, and saw 2 of its levels.

You collected 48 gold pieces.

Inventory:

Hand Weapons
 a - a +0 mace (weapon)
Armour
 b - a +0 animal skin (worn)
Jewellery
 f - a +4 ring of evasion (left hand)
Scrolls
 e - a scroll of identify {unknown}
 g - a scroll of silence {unknown}
 h - a scroll of butterflies {unknown}
 j - a scroll of poison {unknown}
Potions
 c - 2 potions of cancellation {unknown}
 d - a potion of flight {unknown}
 i - a potion of curing {unknown}


   Skills:
 + Level 4.1 Fighting
 * Level 4.4 Maces & Flails
 + Level 3.0 Armour
 + Level 2.7 Dodging


You had 2 spell levels left.
You didn't know any spells.
Your spell library was empty.

Dungeon Overview and Level Annotations

Branches:
Dungeon (2/15)

Altars:

Annotations:
D:2 Robin


Innate Abilities, Weirdness & Mutations

You have a pair of horns on your head.
You reflexively headbutt those who attack you in melee.


Message History

The goblin is moderately wounded.
The goblin misses you.
A hobgoblin comes into view.
The goblin hits you with a +0 club.
You hit the goblin but do no damage.
The goblin is moderately wounded.
The goblin misses you. The goblin hits you with a +0 club.
You hit the goblin.
You kill the goblin!
Trog accepts your kill. The goblin misses you. Robin closely misses you.
The goblin barely misses you.
A red film seems to cover your vision as you go berserk!
You feel yourself moving faster!
You feel mighty! Robin barely misses you. The goblin barely misses you.
A goblin comes into view. It is wielding a +0 dagger.
You barely miss Robin. Your headbutt misses Robin. You hit Robin.
Robin is heavily wounded.
Robin barely misses you. The hobgoblin closely misses you.
The goblin completely misses you.
You barely miss Robin.
Robin is heavily wounded.
Robin's horned helmet rattles.
Robin roars a battlecry!
The goblins go into a battle-frenzy!
The hobgoblin misses you. The goblin closely misses you.
You furiously retaliate!
You headbutt the goblin.
You kill the goblin!
Trog accepts your kill.
You hit the hobgoblin.
You kill the hobgoblin!
Trog accepts your kill.
Robin's bangles clink loudly.
Robin zaps a wand.
The bolt of dispelling energy hits you!
* * * LOW HITPOINT WARNING * * *
You hit Robin but do no damage.
Robin is heavily wounded.
An endoplasm comes into view.
Robin hits you with a +1 mace of protection.
You die...

# ##+## #.##
##...## ...#
##.....## #..#
##.......##
#..####..†......#
#.g@).'.........+
#.g####.........#
#..# ##...<...##
...# ##.....##
#J## ##...## #
##+##


You could see Robin, an endoplasm and a goblin (strong).

Vanquished Creatures
  A worm (D:2)
  A dart slug (D:1)
  2 bats (D:1)
  3 endoplasms (D:1)
  6 goblins
  8 hobgoblins
  8 jackals (D:1)
  A quokka (D:1)
  A frilled lizard (D:1)
  2 kobolds (D:1)
  3 rats (D:1)
36 creatures vanquished.

Notes
Turn   | Place    | Note
-------+----------+-------------------------------------------
     0 | D:1      | wormed the Minotaur Berserker began the quest for the Orb.
     0 | D:1      | Reached XP level 1. HP: 19/19 MP: 0/0
   103 | D:1      | Reached XP level 2. HP: 20/27 MP: 1/1
   199 | D:1      | Found a faded altar of an unknown god.
   808 | D:1      | Reached XP level 3. HP: 33/33 MP: 2/2
   858 | D:1      | Reached ** piety under Trog
  1083 | D:2      | Noticed Robin
  1094 | D:2      | Slain by Robin

Illustrated notes

Levels and vault maps discovered:
D:1:      nicolae_arrival_memento_mori, layout_loops_ring,
          dreamdust_ecumenical_altar_grove
D:2:      layout_loops_corners, uniq_robin

Skill      XL: |  1  2  3 |
---------------+----------+-----
Maces & Flails | 4 |  4.4
Fighting       | 4 |  4.1
Armour         | 3 |  3.0
Dodging        | |  2.7

Action                   || total
-------------------------++-------
Melee: Mace              ||    86
       Headbutt          ||    10
       Punch             ||     1
Invok: Berserk           ||     1
Armor: Animal skin       ||    11
Dodge: Dodged            ||    62
